 Dungeon Crawl Stone Soup version 0.29.0-11-gd7f09526c8 (webtiles) character file.

Game seed: 3469578961412231199

228 Armakuni the Trooper (level 6, 0/46 HPs)
             Began as a Merfolk Earth Elementalist on Sept 3, 2022.
             Killed by divine providence
             ... invoked by an orc priest
              (8 damage)
             ... on level 5 of the Dungeon.
             The game lasted 00:11:13 (4681 turns).

Armakuni the Trooper (Merfolk Earth Elementalist)   Turns: 4681, Time: 00:11:13

Health: 0/46       AC:  6    Str: 10      XL:     6   Next: 2%
Magic:  8/8        EV: 10    Int: 13 (14) God:
Gold:   203        SH:  5    Dex: 13 (15) Spells: 5/9 levels left

rFire   . . .      SeeInvis .   a - +1 flail (vorpal)
rCold   + . .      Faith    .   (no shield)
rNeg    . . .      Spirit   .   e - +1 ring mail
rPois   .          Reflect  +   (no helmet)
rElec   .          Harm     .   (no cloak)
rCorr   .          Rampage  .   (no gloves)
Will    +....                   (no boots)
Stlth   +.........              H - amulet of reflection
HPRegen 0.15/turn               L - ring of flight
MPRegen 0.11/turn               J - ring of protection from cold

@: about to teleport, flying
A: (nimble swimmer 2), mertail, low MP 1, strong-willed 1, wild magic 1
a: no special abilities


You were on level 5 of the Dungeon.
You visited 1 branch of the dungeon, and saw 6 of its levels.

You collected 203 gold pieces.

Inventory:

Hand Weapons
 a - a +1 vorpal flail (weapon)
Missiles
 h - 5 javelins
Armour
 e - a +1 ring mail (worn)
Magical Staves
 b - a staff of poison
Jewellery
 H - an amulet of reflection (around neck)
 J - a ring of protection from cold (right hand)
 L - a ring of flight (left hand)
 W - a ring of wizardry
Scrolls
 d - a scroll of blinking
 f - 3 scrolls of teleportation
Potions
 c - a potion of mutation
 g - 5 potions of curing
 p - 2 potions of haste
 q - 3 potions of brilliance
 r - a potion of cancellation


   Skills:
 - Level 2.9 Fighting
 + Level 2.1 Staves
 - Level 2.6 Dodging
 - Level 2.1 Stealth
 - Level 2.0 Spellcasting
 - Level 1.3 Transmutations
 - Level 2.4 Earth Magic
 + Level 2.7 Poison Magic
 + Level 2.5 Evocations


You had 5 spell levels left.
You knew the following spells:

 Your Spells              Type           Power      Damage    Failure   Level
a - Sandblast             Erth           18%        2d7       34%         1
m - Mephitic Cloud        Conj/Pois/Air  4%         N/A       86%         3

Your spell library contained the following spells:

 Spells                   Type           Power      Damage    Failure   Level
 Passwall                 Tmut/Erth      6%         N/A       52%         2
 Shock                    Conj/Air       4%         1d3       63%         1
 Spider Form              Tmut/Pois      8%         N/A       73%         3
 Ensorcelled Hibernation  Hex/Ice        2%         N/A       77%         2
 Ignite Poison            Fire/Tmut/Pois 6%         N/A       82%         3
 Stone Arrow              Conj/Erth      10%        3d7       83%         3
 Swiftness                Air            1%         N/A       93%         3
 Tukima's Dance           Hex            1%         N/A       93%         3
 Petrify                  Tmut/Erth      8%         N/A       98%         4
 Airstrike                Air            0%         2d(1-17)  100%        4
 Anguish                  Hex/Necr       0%         N/A       100%        4
 Passage of Golubria      Tloc           1%         N/A       100%        4
 Freezing Cloud           Conj/Ice/Air   0%         6-21      100%        5
 Yara's Violent Unravell  Hex/Tmut       1%         3d3       100%        5


Dungeon Overview and Level Annotations

Branches:
Dungeon (6/15)
 Temple: D:4-7

Altars:

Shops:
D:1 *

Annotations:
D:3 2 transporters, 1 runed translucent door, Crazy Yiuf
D:4 Dowan, Duvessa
D:5 exclusion: downstairs


Innate Abilities, Weirdness & Mutations

((You are very nimble when in or above water. (Stealth+, EV+, Speed+++)))
Your lower body shifts to a powerful aquatic tail in water.
Your magical capacity is low. (-10% MP)
You are strong-willed. (Will+)
Your spells are a little harder to cast, but a little more powerful.


Message History

The orc closely misses you.
You closely miss the orc.
The orc is heavily wounded.
You block the orc's attack.
You catch the helpless orc completely off-guard!
You hit the orc.
You kill the orc!
The orc completely misses you.
You barely miss the orc. The orc hits you but does no damage.
You hit the orc but do no damage.
You flicker for a moment.
The orc hits you with a +0 flail.
You hit the orc.
The orc is heavily wounded.
The orc closely misses you. x2
You closely miss the orc.
The orc is heavily wounded.
The orc hits you but does no damage.
You barely miss the orc.
The orc is heavily wounded.
You block the orc's attack.
You catch the helpless orc completely off-guard!
You hit the orc.
The orc is almost dead.
The orc barely misses you. The orc closely misses you.
You barely miss the orc.
The orc is almost dead.
You flicker back into view.
The orc priest calls down the wrath of Beogh upon you.
Beogh smites you!
* * * LOW HITPOINT WARNING * * *
The orc hits you with a +0 flail.
* * * LOW HITPOINT WARNING * * *
You feel better. The orc hits you with a +0 flail.
* * * LOW HITPOINT WARNING * * *
As you read the scroll of teleportation, it crumbles to dust.
You feel strangely unstable.
The orc priest invokes the aid of Beogh against you.
Beogh smites you!
You die...

..####.###....###.......##.
... #.##.#...†.....##. ##..
#.##.#.#.###.#.### .[.
#.##.....# #...... .###
#.####.### ###.### l.
#....#... .... .. #.
####.###.# ###..
.##.#######.# ... ..
...#ooo@...# #.# # .##
#..#.###.........#
..).#..#...#.########.
.......###.#.#
.......###.#..
......oo...#..
...[..o#####... #......
#... #......


You could see 2 orc priests and an orc.

Vanquished Creatures
  A bullfrog (D:5)
  An iguana (D:5)
  Terence (D:3)
  A gnoll (D:5)
  3 adders
  A worm (D:3)
  2 dart slugs
  7 orcs
  9 ball pythons
  4 bats
  An endoplasm (D:4)
  6 giant cockroaches
  A goblin (D:1)
  6 hobgoblins
  6 jackals
  6 kobolds
  A quokka (D:1)
  5 frilled lizards
  3 rats
65 creatures vanquished.

Vanquished Creatures (others)
  2 fungi
  2 plants (D:3)
4 creatures vanquished.

Grand Total: 69 creatures vanquished

Notes
Turn   | Place    | Note
-------+----------+-------------------------------------------
     0 | D:1      | Armakuni the Merfolk Earth Elementalist began the quest for
                  | the Orb.
     0 | D:1      | Reached XP level 1. HP: 13/13 MP: 3/3
   287 | D:1      | Reached skill level 1 in Fighting
   344 | D:1      | Reached XP level 2. HP: 22/22 MP: 1/5
   566 | D:1      | Found Nohobal's General Store.
   928 | D:1      | Found a faded altar of an unknown god.
  1136 | D:1      | Reached XP level 3. HP: 28/28 MP: 4/6
  2419 | D:3      | Noticed Terence
  2666 | D:3      | Noticed a kobold demonologist
  2669 | D:3      | Found a transporter.
  2673 | D:3      | Found a transporter.
  2704 | D:3      | Reached skill level 1 in Poison Magic
  2862 | D:3      | Reached skill level 1 in Evocations
  2862 | D:3      | Reached XP level 4. HP: 34/34 MP: 7/7
  2936 | D:3      | Found a runed translucent door.
  2937 | D:3      | Noticed Crazy Yiuf
  3027 | D:3      | Learned a level 3 spell: Mephitic Cloud
  3106 | D:3      | Gained mutation: Your magical capacity is low. (-10% MP)
                  | [potion of mutation]
  3106 | D:3      | Gained mutation: You are strong-willed. (Will+) [potion of
                  | mutation]
  3106 | D:3      | Gained mutation: Your spells are a little harder to cast,
                  | but a little more powerful. [potion of mutation]
  3116 | D:3      | Killed Terence
  3117 | D:3      | Reached skill level 1 in Staves
  3787 | D:4      | Noticed an ogre
  4175 | D:4      | Reached XP level 5. HP: 32/40 MP: 7/7
  4290 | D:4      | Noticed Dowan
  4292 | D:4      | Noticed Duvessa
  4299 | D:5      | Entered Level 5 of the Dungeon
  4390 | D:6      | Noticed a wyvern
  4628 | D:5      | Reached XP level 6. HP: 40/46 MP: 8/8
  4681 | D:5      | Killed from afar by an orc priest

Illustrated notes

Levels and vault maps discovered:
D:1:      dpeg_arrival_prison, layout_basic, serial_shops, shop,
          shapermc_ecumenical_altar_pompeii
D:2:      layout_basic, chequers_serial_rivers_marsh
D:3:      gammafunk_wand_slinger, layout_rooms, minmay_shallow_snake_nest,
          uniq_crazy_yiuf_cottage, uniq_terence
D:4:      layout_loops_ring, uniq_sigmund, uniq_duvessa, uniq_blork_the_orc
D:5:      layout_basic, nicolae_yredelemnul_corpse_copse
D:6:      layout_rooms, minmay_temple_entry_glassed_door, lemuel_flamethrower_2,
          uniq_eustachio

Skill      XL: |  1  2  3  4  5 |
---------------+----------------+-----
Fighting       | 1 2 |  2.9
Poison Magic   | 1 2 |  2.7
Evocations     | 1 2 |  2.5
Staves         | 1 2 |  2.1
Dodging        | |  2.6
Stealth        | |  2.1
Spellcasting   | |  2.0
Transmutations | |  1.3
Earth Magic    | |  2.4

Action                   |  1- 3 |  4- 6 || total
-------------------------+-------+-------++-------
Melee: Unarmed           |    24 |       ||    24
       Club              |     8 |       ||     8
       Flail             |    36 |   105 ||   141
       Whip              |    25 |       ||    25
       Punch             |     2 |     1 ||     3
       Staff             |       |    19 ||    19
Throw: Javelin           |     3 |     3 ||     6
 Cast: Sandblast         |    34 |     2 ||    36
  Use: Potion            |     1 |    11 ||    12
       Scroll            |     6 |     7 ||    13
 Stab: Sleeping          |     3 |     1 ||     4
       Invisible         |       |     4 ||     4
Armor: Robe              |    27 |       ||    27
       Leather armour    |     5 |    18 ||    23
       Ring mail         |       |    14 ||    14
Dodge: Dodged            |    85 |    71 ||   156
Block: Other             |       |    28 ||    28
